Login

Coachella Valley Firebirds vs Milwaukee Admirals

Created - 11 March 2024 at 23:12

Goals
1 2 3 T
Coachella Valley Firebirds 2 2 1 5
Milwaukee Admirals 0 2 2 4
Shots
1 2 3 T
Coachella Valley Firebirds 5 9 4 18
Milwaukee Admirals 11 13 11 35

GoalsPenalties
1st period
1. Coachella Valley Firebirds , Kole Lind 3 (Cameron Hughes 3, Luke Henman 1) at 9:03
2. Coachella Valley Firebirds , Matty Beniers 3 (Tye Kartye 1) at 9:59
Ryker Evans (COA) for Slashing (Minor) at 14:26
2nd period
3. Coachella Valley Firebirds , Max McCormick 1 (Marian Studenic 2, Ville Petman 1) at 2:48
4. Milwaukee Admirals , Egor Afanasyev 1 (Roland McKeown 3, Luke Evangelista 3) at 15:16
5. Coachella Valley Firebirds , Kole Lind 4 (Marian Studenic 3, Mads Sogaard) at 18:25 (PP)
6. Milwaukee Admirals , Philip Tomasino 3 (Luke Evangelista 4, Kevin Gravel 1) at 19:28
Egor Afanasyev (MIL) for Tripping (Minor) at 18:14
3rd period
7. Milwaukee Admirals , Alan Quine 1 (John Stevens 1, Jordan Gross 2) at 0:50
8. Coachella Valley Firebirds , Luke Henman 1 (Cameron Hughes 4, Cale Fleury 2) at 13:54
9. Milwaukee Admirals , Philip Tomasino 4 (Luke Evangelista 5) at 16:16 (PP)
Jake Livingstone (MIL) for High sticking (Minor) at 6:36
Paul Thompson (MIL) for Holding (Minor) at 11:46
Luke Henman (COA) for Hooking (Minor) at 16:10
Kole Lind (COA) for Holding (Minor) at 18:29
Goalie Stats
Mads Sogaard (COA), 31 saves from 35 shots - (0.886), W, 1-3-0, 60:00 minutes
Yaroslav Askarov (MIL), 6 saves from 10 shots - (0.600), 38:25 minutes
Troy Grosenick (MIL), 7 saves from 8 shots - (0.875), L, 0-1-0, 21:35 minutes
3 StarsOfficial
1 - Philip Tomasino (MIL)
2 - Kole Lind (COA)
3 - Luke Evangelista (MIL)
Referees : Eric Furlatt and Trevor Hanson
Linesman : Ryan Galloway and Luke Murray
Game Note
Troy Grosenick enters game at 18:25 of 2nd period
Finance
Level 1 -- Attendance: 2000 (100.00%) -- Ticket Income $70,000
Level 2 -- Attendance: 875 (87.50%) -- Ticket Income $13,125
Total Attendance: 2875 (95.83%)
Total Ticket Income: $83,125
Other Income: $40,731
Total Income: $123,856



Team Name Goals Shots Shots Attemp Shots Blocked PIM HIT PP PK FO%
Coachella Valley Firebirds 5183376111 / 3 (33%)138%
Milwaukee Admirals 4356156191 / 3 (33%)162%

Coachella Valley Firebirds
Player Name POS G A P +/- PIM HIT SHT SB MP PP MP PP SHT PK MP PK SHT FO% FOT GA TA
Cal O'ReillyC000000000:040:0000:0000% 000
Cale FleuryD011-1001027:132:1302:1000% 002
Cameron HughesLW0221022016:300:0800:4100% 000
Gustav OlofssonD000-1002223:472:1302:1000% 022
Jimmy SchuldtD0001000118:591:5601:2500% 001
Kole LindC2020224017:222:0410:3800% 500
Luke HenmanC1121201015:100:2200:0000% 000
Marian StudenicRW022-1031022:342:0400:56022% 900
Matty BeniersC1011011017:310:0000:2400% 010
Max McCormickLW101-1013222:251:5800:5600% 110
Mitch ReinkeD0001000012:500:0000:4000% 000
Peetro SeppalaD0001000012:340:0000:0000% 000
Ryan SandelinRW000100002:310:1200:0000% 000
Ryker EvansD0001200118:561:5600:3300% 020
Shane WrightC0001010121:511:5301:45055% 1101
Tye KartyeLW0111013020:041:5301:50125% 410
Ville OttavainenD000000006:400:0000:1200% 000
Ville PetmanC011-1000019:211:5300:00053% 1700
Milwaukee Admirals
Player Name POS G A P +/- PIM HIT SHT SB MP PP MP PP SHT PK MP PK SHT FO% FOT GA TA
Adam WilsbyD0000000114:060:0001:0400% 000
Alan QuineC101-1014015:350:0001:11033% 300
Anthony AngelloRW000-100000:540:0000:2400% 000
Dominic FrancoC0000021120:011:2500:00040% 501
Drew CallinRW000000004:390:0000:0000% 000
Egor AfanasyevLW1011221020:312:0001:330100% 201
Jake LivingstoneD000-2212019:491:4900:5300% 001
Jasper WeatherbyRW0000032017:141:2500:000100% 110
John StevensC011-1003014:370:0000:0000% 100
Jordan GrossD011-2004020:511:4901:5700% 011
Kevin GravelD0111002126:071:4602:1200% 000
Liam FoudyC0000014017:431:2500:29075% 820
Luke EspositoC000000004:170:1000:2600% 000
Luke EvangelistaRW0331003021:182:1002:0900% 100
Marc Del-GaizoD0000010013:020:0000:0000% 000
Paul ThompsonRW000-2241114:450:0000:0000% 000
Philip TomasinoC2020017024:122:1012:06065% 2621
Roland McKeownD0111031126:071:4602:1200% 002

Coachella Valley Firebirds

5 vs 5 Forward
Line #Left WingCenterRight WingPHYDFOFWanted %Time %Time Play
1Max McCormickVille PetmanMarian Studenic1224036%18:50
2Tye KartyeShane WrightMatty Beniers1223031%16:20
3Cameron HughesKole LindLuke Henman1222027%13:58
4Max McCormickMarian StudenicShane Wright122106%3:08
5 vs 5 Defense
Line #DefenseDefensePHYDFOFWanted %Time %Time Play
1Cale FleuryGustav Olofsson1224037%19:24
2Jimmy SchuldtRyker Evans1223030%15:38
3Peetro SeppalaMitch Reinke1222023%12:10
4Ville OttavainenCale Fleury1221010%5:04
Power Play Forward
Line #Left WingCenterRight WingPHYDFOFWanted %Time %Time Play
1Max McCormickKole LindMarian Studenic1226055%2:16
2Tye KartyeShane WrightVille Petman1224045%1:53
Power Play Defense
Line #DefenseDefensePHYDFOFWanted %Time %Time Play
1Cale FleuryGustav Olofsson1226053%2:13
2Jimmy SchuldtRyker Evans1224047%1:56
Penalty Kill 4 Players Forward
Line #CenterWingPHYDFOFWanted %Time %Time Play
1Tye KartyeShane Wright1226074%2:39
2Marian StudenicMax McCormick1224026%0:56
Penalty Kill 4 Players Defense
Line #DefenseDefensePHYDFOFWanted %Time %Time Play
1Cale FleuryGustav Olofsson1226060%2:10
2Jimmy SchuldtRyker Evans1224040%1:25
Penalty Kill 3 Players
Line #WingPHYDFOFWanted %Time %Time PlayDefenseDefensePHYDFOFWanted %Time %Time Play
1Max McCormick122600%0:00 Cale FleuryGustav Olofsson122600%0:00
2Shane Wright122400%0:00 Jimmy SchuldtRyker Evans122400%0:00
4 vs 4 Forward
Line #CenterWingPHYDFOFWanted %Time %Time Play
1Ville PetmanShane Wright122600%0:00
2Marian StudenicMax McCormick122400%0:00
4 vs 4 Defense
Line #DefensePHYDFOFWanted %Time %Time Play
1Cale FleuryGustav Olofsson122600%0:00
2Jimmy SchuldtRyker Evans122400%0:00
Last Minutes Offensive
Left WingCenterRight WingDefenseDefense
Max McCormickShane WrightMarian StudenicCale FleuryGustav Olofsson
Last Minutes Defensive
Left WingCenterRight WingDefenseDefense
Max McCormickShane WrightMarian StudenicCale FleuryGustav Olofsson
Time
Total ForwardTotal DefenseLast Minutes OffensiveLast Minutes Defensive
60:00 60:00 0:000:00
Extra Forwards
Normal PowerPlayPenalty Kill
Ville Petman, Luke Henman, Kole LindVille Petman, Luke HenmanKole Lind
Extra Defensemen
Normal PowerPlayPenalty Kill
Peetro Seppala, Mitch Reinke, Ville OttavainenPeetro Seppala, Mitch ReinkeVille Ottavainen
Penalty Shots
Luke Henman, Shane Wright, Marian Studenic, Max McCormick, Tye Kartye
Goalie
Mads Sogaard, Chris Driedger
Custom OT Lines Forwards
Matty Beniers, Shane Wright, Marian Studenic, Max McCormick, Tye Kartye, Kole Lind, Cameron Hughes, Cal O'Reilly, Ville Petman, Luke Henman
Custom OT Lines Defensemen
Cale Fleury, Gustav Olofsson, Jimmy Schuldt, Ryker Evans, Peetro Seppala
Scratches
David Goyette (Healthy), Andrew Poturalski (Strained Back Injury)

Milwaukee Admirals

5 vs 5 Forward
Line #Left WingCenterRight WingPHYDFOFWanted %Time %Time Play
1Egor AfanasyevPhilip TomasinoLuke Evangelista1224033%17:11
2Dominic FrancoLiam FoudyJasper Weatherby1223030%15:49
3John StevensAlan QuinePaul Thompson1222028%14:37
4Philip TomasinoDominic FrancoDrew Callin122109%4:39
5 vs 5 Defense
Line #DefenseDefensePHYDFOFWanted %Time %Time Play
1Kevin GravelRoland McKeown1224038%19:39
2Jake LivingstoneJordan Gross1223033%17:05
3Marc Del-GaizoAdam Wilsby1222025%13:02
4Kevin GravelRoland McKeown122105%2:30
Power Play Forward
Line #Left WingCenterRight WingPHYDFOFWanted %Time %Time Play
1Egor AfanasyevPhilip TomasinoLuke Evangelista1226060%2:10
2Dominic FrancoLiam FoudyJasper Weatherby1224040%1:25
Power Play Defense
Line #DefenseDefensePHYDFOFWanted %Time %Time Play
1Kevin GravelRoland McKeown1226049%1:46
2Jake LivingstoneJordan Gross1224051%1:49
Penalty Kill 4 Players Forward
Line #CenterWingPHYDFOFWanted %Time %Time Play
1Philip TomasinoLuke Evangelista1226088%3:40
2Liam FoudyEgor Afanasyev1224012%0:29
Penalty Kill 4 Players Defense
Line #DefenseDefensePHYDFOFWanted %Time %Time Play
1Kevin GravelRoland McKeown1226053%2:12
2Jake LivingstoneJordan Gross1224047%1:57
Penalty Kill 3 Players
Line #WingPHYDFOFWanted %Time %Time PlayDefenseDefensePHYDFOFWanted %Time %Time Play
1Philip Tomasino122600%0:00 Kevin GravelRoland McKeown122600%0:00
2Luke Evangelista122400%0:00 Jake LivingstoneJordan Gross122400%0:00
4 vs 4 Forward
Line #CenterWingPHYDFOFWanted %Time %Time Play
1Philip TomasinoLuke Evangelista122600%0:00
2Liam FoudyEgor Afanasyev122400%0:00
4 vs 4 Defense
Line #DefensePHYDFOFWanted %Time %Time Play
1Kevin GravelRoland McKeown122600%0:00
2Jake LivingstoneJordan Gross122400%0:00
Last Minutes Offensive
Left WingCenterRight WingDefenseDefense
Egor AfanasyevPhilip TomasinoLuke EvangelistaKevin GravelRoland McKeown
Last Minutes Defensive
Left WingCenterRight WingDefenseDefense
Egor AfanasyevPhilip TomasinoLuke EvangelistaKevin GravelRoland McKeown
Time
Total ForwardTotal DefenseLast Minutes OffensiveLast Minutes Defensive
60:00 60:00 0:000:00
Extra Forwards
Normal PowerPlayPenalty Kill
Luke Esposito, Anthony Angello, Alan QuineLuke Esposito, Anthony AngelloAlan Quine
Extra Defensemen
Normal PowerPlayPenalty Kill
Marc Del-Gaizo, Adam Wilsby, Jake LivingstoneMarc Del-Gaizo, Adam WilsbyJake Livingstone
Penalty Shots
Philip Tomasino, Luke Evangelista, Liam Foudy, Egor Afanasyev, Jasper Weatherby
Goalie
Yaroslav Askarov, Troy Grosenick
Custom OT Lines Forwards
Philip Tomasino, Luke Evangelista, Liam Foudy, Egor Afanasyev, Jasper Weatherby, Alan Quine, Dominic Franco, John Stevens, Paul Thompson, Luke Esposito
Custom OT Lines Defensemen
Kevin Gravel, Roland McKeown, Jake Livingstone, Jordan Gross, Marc Del-Gaizo
Scratches
Joakim Kemell (Healthy), Simon Knak (Healthy), Navrin Mutter (Healthy), Daniel Mannella (Healthy)


Play-by-Play

1st period


0:01 of 1st period - Philip Tomasino wins face-off versus Ville Petman in neutral zone.
0:26 of 1st period - Matty Beniers is hit by Dominic Franco and loses puck.
0:31 of 1st period - Snap shot by Liam Foudy.
0:31 of 1st period - Stopped by Mads Sogaard with a rebound.
0:33 of 1st period - Wrist shot by Liam Foudy.
0:33 of 1st period - Shot Misses the Net.
0:35 of 1st period - Slapshot by Liam Foudy.
0:35 of 1st period - Shot Misses the Net.
0:51 of 1st period - Snap shot by Kole Lind.
0:51 of 1st period - Stopped by Yaroslav Askarov with a rebound.
1:16 of 1st period - Drew Callin is hit by Marian Studenic and loses puck.
8:06 of 1st period - Icing by Gustav Olofsson.
8:07 of 1st period - Marian Studenic wins face-off versus Philip Tomasino in Coachella Valley Firebirds zone.
8:24 of 1st period - Liam Foudy is hit by Marian Studenic and loses puck.
8:37 of 1st period - Cameron Hughes is hit by Paul Thompson and loses puck.
8:49 of 1st period - Icing by Cameron Hughes.
8:50 of 1st period - Philip Tomasino wins face-off versus Kole Lind in Coachella Valley Firebirds zone.
8:53 of 1st period - Snap shot by Philip Tomasino.
8:53 of 1st period - Stopped by Mads Sogaard with a rebound.
9:03 of 1st period - Wrist shot by Kole Lind.
9:03 of 1st period - Goal by Kole Lind - Coachella Valley Firebirds : 1 - Milwaukee Admirals : 0.
9:04 of 1st period - Philip Tomasino wins face-off versus Ville Petman in neutral zone.
9:17 of 1st period - Slapshot by Luke Evangelista.
9:17 of 1st period - Shot Misses the Net.
9:29 of 1st period - Kevin Gravel is hit by Tye Kartye and loses puck.
9:42 of 1st period - Tye Kartye is hit by Jasper Weatherby and loses puck.
9:59 of 1st period - Wrist shot by Matty Beniers.
9:59 of 1st period - Goal by Matty Beniers - Coachella Valley Firebirds : 2 - Milwaukee Admirals : 0.
10:00 of 1st period - Philip Tomasino wins face-off versus Max McCormick in neutral zone.
10:26 of 1st period - Shane Wright is hit by Jasper Weatherby.
11:08 of 1st period - Wrist shot by Philip Tomasino.
11:08 of 1st period - Stopped by Mads Sogaard with a rebound.
11:10 of 1st period - Slapshot by Jake Livingstone.
11:10 of 1st period - Deflect By Gustav Olofsson.
11:10 of 1st period - Stopped by Mads Sogaard with a rebound.
11:12 of 1st period - Wrist shot by Dominic Franco.
11:12 of 1st period - Deflect By Max McCormick.
11:12 of 1st period - Shot Misses the Net.
11:12 of 1st period - Puck is out of play.
11:13 of 1st period - Ville Petman wins face-off versus Dominic Franco in Coachella Valley Firebirds zone.
11:45 of 1st period - Snap shot by Alan Quine.
11:45 of 1st period - Stopped by Mads Sogaard without a rebound.
11:46 of 1st period - Ville Petman wins face-off versus Philip Tomasino in Coachella Valley Firebirds zone.
11:50 of 1st period - Off-side.
11:51 of 1st period - Philip Tomasino wins face-off versus Ville Petman in neutral zone.
13:17 of 1st period - Slapshot by Jordan Gross.
13:17 of 1st period - Stopped by Mads Sogaard without a rebound.
13:18 of 1st period - Shane Wright wins face-off versus Alan Quine in Coachella Valley Firebirds zone.
13:23 of 1st period - Snap shot by John Stevens.
13:23 of 1st period - Stopped by Mads Sogaard with a rebound.
13:25 of 1st period - Slapshot by Alan Quine.
13:25 of 1st period - Shot Misses the Net.
13:27 of 1st period - Snap shot by Alan Quine.
13:27 of 1st period - Stopped by Mads Sogaard without a rebound.
13:28 of 1st period - Philip Tomasino wins face-off versus Marian Studenic in Coachella Valley Firebirds zone.
13:37 of 1st period - Snap shot by Luke Evangelista.
13:37 of 1st period - Shot Blocked by Max McCormick.
13:45 of 1st period - Snap shot by Luke Evangelista.
13:45 of 1st period - Stopped by Mads Sogaard without a rebound.
13:46 of 1st period - Liam Foudy wins face-off versus Kole Lind in Coachella Valley Firebirds zone.
14:13 of 1st period - Egor Afanasyev is hit by Marian Studenic and loses puck.
14:23 of 1st period - Off-side.
14:24 of 1st period - Shane Wright wins face-off versus Liam Foudy in neutral zone.
14:26 of 1st period - Minor Penalty to Ryker Evans for Slashing.
14:27 of 1st period - Philip Tomasino wins face-off versus Tye Kartye in Coachella Valley Firebirds zone.
14:39 of 1st period - Gustav Olofsson is hit by Philip Tomasino and loses puck.
15:47 of 1st period - Snap shot by Marian Studenic.
15:47 of 1st period - Shot Misses the Net.
16:17 of 1st period - Wrist shot by Tye Kartye.
16:17 of 1st period - Stopped by Yaroslav Askarov with a rebound.
16:26 of 1st period - Penalty to Ryker Evans is over, Ryker Evans is back on ice.
16:43 of 1st period - Snap shot by Cameron Hughes.
16:43 of 1st period - Shot Misses the Net.
16:53 of 1st period - Slapshot by Cameron Hughes.
16:53 of 1st period - Stopped by Yaroslav Askarov without a rebound.
16:54 of 1st period - Ville Petman wins face-off versus Dominic Franco in Milwaukee Admirals zone.
17:05 of 1st period - Snap shot by Max McCormick.
17:05 of 1st period - Shot Misses the Net.
17:07 of 1st period - Wrist shot by Marian Studenic.
17:07 of 1st period - Shot Hit the Post.
17:21 of 1st period - Wrist shot by Alan Quine.
17:21 of 1st period - Deflect By Ville Petman.
17:21 of 1st period - Shot Misses the Net.
17:21 of 1st period - Puck is out of play.
17:22 of 1st period - Shane Wright wins face-off versus Alan Quine in Coachella Valley Firebirds zone.
17:22 of 1st period - Shane Wright is hit by Paul Thompson.
18:14 of 1st period - Wrist shot by Paul Thompson.
18:14 of 1st period - Stopped by Mads Sogaard with a rebound.
18:16 of 1st period - Slapshot by John Stevens.
18:16 of 1st period - Stopped by Mads Sogaard with a rebound.
18:18 of 1st period - Snap shot by John Stevens.
18:18 of 1st period - Shot Hit the Post.
19:12 of 1st period - Max McCormick is hit by Marc Del-Gaizo.
Goals for this period are 2 for Coachella Valley Firebirds vs 0 for Milwaukee Admirals.
Shots for this period are 5 for Coachella Valley Firebirds vs 11 for Milwaukee Admirals.

2nd period


0:01 of 2nd period - Philip Tomasino wins face-off versus Marian Studenic in neutral zone.
0:04 of 2nd period - Max McCormick is hit by Roland McKeown and loses puck.
0:17 of 2nd period - Snap shot by Philip Tomasino.
0:17 of 2nd period - Shot Misses the Net.
0:27 of 2nd period - Gustav Olofsson is hit by Liam Foudy and loses puck.
1:06 of 2nd period - Ville Petman is hit by Egor Afanasyev and loses puck.
1:13 of 2nd period - Snap shot by Luke Evangelista.
1:13 of 2nd period - Stopped by Mads Sogaard with a rebound.
1:56 of 2nd period - Gustav Olofsson is hit by Jake Livingstone and loses puck.
2:06 of 2nd period - Icing by Jimmy Schuldt.
2:07 of 2nd period - Ville Petman wins face-off versus Dominic Franco in Coachella Valley Firebirds zone.
2:33 of 2nd period - Cale Fleury is hit by Alan Quine and loses puck.
2:44 of 2nd period - Slapshot by Max McCormick.
2:44 of 2nd period - Stopped by Yaroslav Askarov with a rebound.
2:46 of 2nd period - Snap shot by Max McCormick.
2:46 of 2nd period - Shot Misses the Net.
2:48 of 2nd period - Snap shot by Max McCormick.
2:48 of 2nd period - Goal by Max McCormick - Coachella Valley Firebirds : 3 - Milwaukee Admirals : 0.
2:49 of 2nd period - Philip Tomasino wins face-off versus Shane Wright in neutral zone.
3:08 of 2nd period - Jordan Gross is hit by Shane Wright and loses puck.
3:23 of 2nd period - Kole Lind is hit by Jasper Weatherby and loses puck.
3:50 of 2nd period - Wrist shot by Kevin Gravel.
3:50 of 2nd period - Shot Hit the Post.
3:52 of 2nd period - Slapshot by Roland McKeown.
3:52 of 2nd period - Stopped by Mads Sogaard with a rebound.
4:34 of 2nd period - Wrist shot by Kole Lind.
4:34 of 2nd period - Stopped by Yaroslav Askarov without a rebound.
4:35 of 2nd period - Egor Afanasyev wins face-off versus Marian Studenic in Milwaukee Admirals zone.
4:35 of 2nd period - Egor Afanasyev is hit by Max McCormick.
6:28 of 2nd period - Wrist shot by Cameron Hughes.
6:28 of 2nd period - Shot Blocked by Paul Thompson.
11:00 of 2nd period - Icing by Marc Del-Gaizo.
11:01 of 2nd period - Philip Tomasino wins face-off versus Shane Wright in Milwaukee Admirals zone.
11:46 of 2nd period - Marian Studenic is hit by Dominic Franco.
11:47 of 2nd period - Icing by Marian Studenic.
11:48 of 2nd period - Liam Foudy wins face-off versus Ville Petman in Coachella Valley Firebirds zone.
11:49 of 2nd period - Slapshot by Jordan Gross.
11:49 of 2nd period - Stopped by Mads Sogaard without a rebound.
11:50 of 2nd period - Liam Foudy wins face-off versus Marian Studenic in Coachella Valley Firebirds zone.
11:53 of 2nd period - Wrist shot by Liam Foudy.
11:53 of 2nd period - Stopped by Mads Sogaard with a rebound.
11:55 of 2nd period - Wrist shot by Jasper Weatherby.
11:55 of 2nd period - Stopped by Mads Sogaard with a rebound.
11:57 of 2nd period - Wrist shot by Liam Foudy.
11:57 of 2nd period - Shot Misses the Net.
11:59 of 2nd period - Slapshot by Jake Livingstone.
11:59 of 2nd period - Stopped by Mads Sogaard without a rebound.
12:00 of 2nd period - Shane Wright wins face-off versus Philip Tomasino in Coachella Valley Firebirds zone.
12:25 of 2nd period - Slapshot by Max McCormick.
12:25 of 2nd period - Stopped by Yaroslav Askarov without a rebound.
12:26 of 2nd period - Jasper Weatherby wins face-off versus Ville Petman in Milwaukee Admirals zone.
12:51 of 2nd period - Dominic Franco is hit by Kole Lind and loses puck.
12:57 of 2nd period - Liam Foudy is hit by Cameron Hughes and loses puck.
13:05 of 2nd period - Icing by Roland McKeown.
13:06 of 2nd period - Liam Foudy wins face-off versus Marian Studenic in Milwaukee Admirals zone.
13:22 of 2nd period - Slapshot by Max McCormick.
13:22 of 2nd period - Shot Blocked by Dominic Franco.
13:40 of 2nd period - Snap shot by Luke Evangelista.
13:40 of 2nd period - Deflect By Philip Tomasino.
13:40 of 2nd period - Stopped by Mads Sogaard with a rebound.
13:57 of 2nd period - Off-side.
13:58 of 2nd period - Alan Quine wins face-off versus Shane Wright in neutral zone.
14:51 of 2nd period - Wrist shot by Paul Thompson.
14:51 of 2nd period - Deflect By Alan Quine.
14:51 of 2nd period - Shot Blocked by Shane Wright.
14:51 of 2nd period - Puck is out of play.
14:52 of 2nd period - Shane Wright wins face-off versus John Stevens in Coachella Valley Firebirds zone.
15:04 of 2nd period - Off-side.
15:05 of 2nd period - Philip Tomasino wins face-off versus Ville Petman in neutral zone.
15:08 of 2nd period - Snap shot by Philip Tomasino.
15:08 of 2nd period - Shot Blocked by Gustav Olofsson.
15:10 of 2nd period - Slapshot by Kevin Gravel.
15:10 of 2nd period - Stopped by Mads Sogaard without a rebound.
15:11 of 2nd period - Philip Tomasino wins face-off versus Ville Petman in Coachella Valley Firebirds zone.
15:12 of 2nd period - Snap shot by Luke Evangelista.
15:12 of 2nd period - Shot Misses the Net.
15:14 of 2nd period - Snap shot by Roland McKeown.
15:14 of 2nd period - Shot Blocked by Max McCormick.
15:16 of 2nd period - Slapshot by Egor Afanasyev.
15:16 of 2nd period - Deflect By Cale Fleury.
15:16 of 2nd period - Goal by Egor Afanasyev - Coachella Valley Firebirds : 3 - Milwaukee Admirals : 1.
15:17 of 2nd period - Ville Petman wins face-off versus Philip Tomasino in neutral zone.
15:47 of 2nd period - Slapshot by Kevin Gravel.
15:47 of 2nd period - Shot Blocked by Gustav Olofsson.
15:49 of 2nd period - Backhand shot by Jake Livingstone.
15:49 of 2nd period - Shot Misses the Net.
15:51 of 2nd period - Backhand shot by Jordan Gross.
15:51 of 2nd period - Stopped by Mads Sogaard with a rebound.
15:53 of 2nd period - Snap shot by Liam Foudy.
15:53 of 2nd period - Shot Misses the Net.
15:55 of 2nd period - Snap shot by Jasper Weatherby.
15:55 of 2nd period - Shot Misses the Net.
15:57 of 2nd period - Snap shot by Dominic Franco.
15:57 of 2nd period - Stopped by Mads Sogaard with a rebound.
16:24 of 2nd period - Snap shot by Kole Lind.
16:24 of 2nd period - Shot Misses the Net.
16:52 of 2nd period - Jimmy Schuldt is hit by Roland McKeown and loses puck.
17:03 of 2nd period - Wrist shot by Jasper Weatherby.
17:03 of 2nd period - Stopped by Mads Sogaard with a rebound.
17:29 of 2nd period - Marian Studenic is hit by Paul Thompson and loses puck.
17:36 of 2nd period - Max McCormick is hit by Paul Thompson and loses puck.
18:14 of 2nd period - Minor Penalty to Egor Afanasyev for Tripping.
18:15 of 2nd period - Philip Tomasino wins face-off versus Kole Lind in Milwaukee Admirals zone.
18:25 of 2nd period - Snap shot by Kole Lind.
18:25 of 2nd period - Goal by Kole Lind - Coachella Valley Firebirds : 4 - Milwaukee Admirals : 1.
18:25 of 2nd period - Troy Grosenick enters game.
18:26 of 2nd period - Ville Petman wins face-off versus Luke Evangelista in neutral zone.
18:33 of 2nd period - Slapshot by Marian Studenic.
18:33 of 2nd period - Stopped by Troy Grosenick without a rebound.
18:34 of 2nd period - Egor Afanasyev wins face-off versus Ville Petman in Milwaukee Admirals zone.
19:08 of 2nd period - Slapshot by Gustav Olofsson.
19:08 of 2nd period - Stopped by Troy Grosenick with a rebound.
19:28 of 2nd period - Wrist shot by Philip Tomasino.
19:28 of 2nd period - Goal by Philip Tomasino - Coachella Valley Firebirds : 4 - Milwaukee Admirals : 2.
19:29 of 2nd period - Liam Foudy wins face-off versus Shane Wright in neutral zone.
19:40 of 2nd period - Slapshot by Tye Kartye.
19:40 of 2nd period - Stopped by Troy Grosenick with a rebound.
19:42 of 2nd period - Wrist shot by Shane Wright.
19:42 of 2nd period - Deflect By Tye Kartye.
19:42 of 2nd period - Stopped by Troy Grosenick with a rebound.
19:54 of 2nd period - Jake Livingstone is hit by Kole Lind and loses puck.
Goals for this period are 2 for Coachella Valley Firebirds vs 2 for Milwaukee Admirals.
Shots for this period are 9 for Coachella Valley Firebirds vs 13 for Milwaukee Admirals.

3rd period


0:01 of 3rd period - Philip Tomasino wins face-off versus Marian Studenic in neutral zone.
0:04 of 3rd period - Slapshot by Egor Afanasyev.
0:04 of 3rd period - Shot Misses the Net.
0:14 of 3rd period - Max McCormick is hit by Egor Afanasyev and loses puck.
0:34 of 3rd period - Slapshot by Tye Kartye.
0:34 of 3rd period - Shot Misses the Net.
0:46 of 3rd period - Snap shot by Jordan Gross.
0:46 of 3rd period - Deflect By Alan Quine.
0:46 of 3rd period - Stopped by Mads Sogaard with a rebound.
0:48 of 3rd period - Snap shot by John Stevens.
0:48 of 3rd period - Stopped by Mads Sogaard with a rebound.
0:50 of 3rd period - Snap shot by Alan Quine.
0:50 of 3rd period - Goal by Alan Quine - Coachella Valley Firebirds : 4 - Milwaukee Admirals : 3.
0:51 of 3rd period - Ville Petman wins face-off versus Philip Tomasino in neutral zone.
1:43 of 3rd period - Snap shot by Cameron Hughes.
1:43 of 3rd period - Shot Misses the Net.
1:45 of 3rd period - Slapshot by Gustav Olofsson.
1:45 of 3rd period - Shot Blocked by Adam Wilsby.
1:47 of 3rd period - Slapshot by Gustav Olofsson.
1:47 of 3rd period - Deflect By John Stevens.
1:47 of 3rd period - Stopped by Troy Grosenick with a rebound.
1:49 of 3rd period - Snap shot by Cale Fleury.
1:49 of 3rd period - Stopped by Troy Grosenick without a rebound.
1:50 of 3rd period - Ville Petman wins face-off versus Philip Tomasino in Milwaukee Admirals zone.
2:48 of 3rd period - Wrist shot by Alan Quine.
2:48 of 3rd period - Shot Misses the Net.
6:36 of 3rd period - Minor Penalty to Jake Livingstone for High sticking.
6:37 of 3rd period - Philip Tomasino wins face-off versus Tye Kartye in Milwaukee Admirals zone.
8:36 of 3rd period - Penalty to Jake Livingstone is over, Jake Livingstone is back on ice.
10:08 of 3rd period - Slapshot by Jordan Gross.
10:08 of 3rd period - Shot Blocked by Jimmy Schuldt.
10:10 of 3rd period - Slapshot by Roland McKeown.
10:10 of 3rd period - Shot Blocked by Ryker Evans.
10:49 of 3rd period - Max McCormick is hit by Roland McKeown and loses puck.
11:46 of 3rd period - Minor Penalty to Paul Thompson for Holding.
11:47 of 3rd period - Philip Tomasino wins face-off versus Kole Lind in Milwaukee Admirals zone.
12:12 of 3rd period - Snap shot by Tye Kartye.
12:12 of 3rd period - Shot Blocked by Kevin Gravel.
13:41 of 3rd period - Philip Tomasino is hit by Cameron Hughes and loses puck.
13:46 of 3rd period - Penalty to Paul Thompson is over, Paul Thompson is back on ice.
13:54 of 3rd period - Wrist shot by Luke Henman.
13:54 of 3rd period - Goal by Luke Henman - Coachella Valley Firebirds : 5 - Milwaukee Admirals : 3.
13:55 of 3rd period - Dominic Franco wins face-off versus Kole Lind in neutral zone.
13:58 of 3rd period - Slapshot by Jordan Gross.
13:58 of 3rd period - Shot Misses the Net.
15:23 of 3rd period - Off-side.
15:24 of 3rd period - Ville Petman wins face-off versus Philip Tomasino in neutral zone.
16:08 of 3rd period - Slapshot by Luke Evangelista.
16:08 of 3rd period - Stopped by Mads Sogaard with a rebound.
16:10 of 3rd period - Minor Penalty to Luke Henman for Hooking.
16:11 of 3rd period - Philip Tomasino wins face-off versus Tye Kartye in Coachella Valley Firebirds zone.
16:16 of 3rd period - Slapshot by Philip Tomasino.
16:16 of 3rd period - Goal by Philip Tomasino - Coachella Valley Firebirds : 5 - Milwaukee Admirals : 4.
16:17 of 3rd period - Marian Studenic wins face-off versus Philip Tomasino in neutral zone.
16:26 of 3rd period - Slapshot by Kevin Gravel.
16:26 of 3rd period - Stopped by Mads Sogaard without a rebound.
16:27 of 3rd period - Dominic Franco wins face-off versus Marian Studenic in Coachella Valley Firebirds zone.
16:30 of 3rd period - Snap shot by Philip Tomasino.
16:30 of 3rd period - Stopped by Mads Sogaard with a rebound.
16:40 of 3rd period - Wrist shot by Philip Tomasino.
16:40 of 3rd period - Stopped by Mads Sogaard with a rebound.
16:54 of 3rd period - Slapshot by Kevin Gravel.
16:54 of 3rd period - Deflect By Philip Tomasino.
16:54 of 3rd period - Shot Misses the Net.
16:54 of 3rd period - Puck is out of play.
16:55 of 3rd period - Shane Wright wins face-off versus Liam Foudy in Coachella Valley Firebirds zone.
17:04 of 3rd period - Slapshot by Jordan Gross.
17:04 of 3rd period - Stopped by Mads Sogaard without a rebound.
17:05 of 3rd period - Liam Foudy wins face-off versus Shane Wright in Coachella Valley Firebirds zone.
17:12 of 3rd period - Snap shot by Liam Foudy.
17:12 of 3rd period - Stopped by Mads Sogaard with a rebound.
17:14 of 3rd period - Wrist shot by Liam Foudy.
17:14 of 3rd period - Stopped by Mads Sogaard with a rebound.
17:16 of 3rd period - Snap shot by Dominic Franco.
17:16 of 3rd period - Shot Misses the Net.
17:31 of 3rd period - Snap shot by Shane Wright.
17:31 of 3rd period - Shot Misses the Net.
18:05 of 3rd period - Snap shot by Marian Studenic.
18:05 of 3rd period - Shot Blocked by Roland McKeown.
18:07 of 3rd period - Slapshot by Ryker Evans.
18:07 of 3rd period - Shot Misses the Net.
18:21 of 3rd period - Snap shot by Cameron Hughes.
18:21 of 3rd period - Stopped by Troy Grosenick with a rebound.
18:29 of 3rd period - Minor Penalty to Kole Lind for Holding.
18:30 of 3rd period - Tye Kartye wins face-off versus Philip Tomasino in Coachella Valley Firebirds zone.
19:34 of 3rd period - Philip Tomasino is hit by Matty Beniers and loses puck.
Goals for this period are 1 for Coachella Valley Firebirds vs 2 for Milwaukee Admirals.
Shots for this period are 4 for Coachella Valley Firebirds vs 11 for Milwaukee Admirals.